 Dungeon Crawl Stone Soup version 0.30-a0-715-gdb4ae3ece1 (webtiles) character file.

Game seed: 1722835387369527318

16 Leeroy the Slasher (level 2, 0/17 HPs)
             Began as a Tengu Warper on Jan 23, 2023.
             Slain by a jackal (1 damage)
             ... on level 2 of the Dungeon.
             The game lasted 00:00:38 (737 turns).

Leeroy the Slasher (Tengu Warper)                    Turns: 737, Time: 00:00:38

Health: 0/17       AC:  3    Str: 11    XL:     2   Next: 58%
Magic:  6/6        EV:  8    Int: 13    God:
Gold:   61         SH:  0    Dex: 13    Spells: 5/5 levels left

rFire   . . .      SeeInvis .    a - +0 falchion
rCold   . . .      Faith    .    (no shield)
rNeg    . . .      Spirit   .    b - +0 leather armour
rPois   .          Reflect  .    (helmet restricted)
rElec   .          Harm     .    (no cloak)
rCorr   .          Rampage  .    (no gloves)
Will    .....                    (boots unavailable)
Stlth   +                        (no amulet)
HPRegen 0.22/turn                (no ring)
MPRegen 0.10/turn                (no ring)

@: constricted
A: beak, talons 3
a: no special abilities


You were on level 2 of the Dungeon.
You visited 1 branch of the dungeon, and saw 2 of its levels.

You collected 61 gold pieces.

Inventory:

Hand Weapons
 a - a +0 falchion (weapon)
Missiles
 d - 7 boomerangs of dispersal (quivered)
Armour
 b - a +0 leather armour (worn)
Jewellery
 e - a ring of fire
Scrolls
 c - 4 scrolls of blinking
 f - a scroll of magic mapping {unknown}
 g - a scroll of immolation {unknown}
 i - a scroll of identify {unknown}
Potions
 h - a potion of attraction {unknown}


   Skills:
 - Level 2.0 Fighting
 + Level 3.4 Long Blades
 - Level 1.0 Throwing
 - Level 1.1 Armour
 - Level 2.1 Dodging
 - Level 2.0 Spellcasting
 - Level 2.4 Translocations


You had 5 spell levels left.
You didn't know any spells.
Your spell library contained the following spells:

 Spells                   Type           Power      Damage    Failure   Level
 Blink                    Tloc           14%        N/A       19%         2
 Lesser Beckoning         Tloc           14%        N/A       19%         2
 Teleport Other           Tloc           7%         N/A       36%         3
 Vhi's Electric Charge    Tloc/Air       8%         N/A       52%         3
 Stone Arrow              Conj/Erth      2%         3d7       69%         3
 Manifold Assault         Tloc           7%         N/A       77%         4
 Anguish                  Hex/Necr       0%         N/A       97%         4
 Animate Armour           Summ/Erth      2%         N/A       97%         4
 Enfeeble                 Hex            0%         N/A       100%        7
 Lehudib's Crystal Spear  Conj/Erth      0%         10d2      100%        8


Dungeon Overview and Level Annotations

Branches:
Dungeon (2/15)

Altars:


Innate Abilities, Weirdness & Mutations

You have a beak for a mouth.
You have claws for feet.


Message History

The jackal barks!
There is an open door here.
You closely miss the ball python. The ball python closely misses you.
The ball python grabs you. The ball python constricts you.
The ball python bites you but does no damage.
The ball python constricts you. The jackal closely misses you.
You closely miss the ball python. Your peck misses the ball python.
The jackal bites you but does no damage.
The ball python bites you. The ball python constricts you.
You closely miss the ball python. The jackal misses you.
The ball python bites you. The ball python constricts you.
The jackal bites you.
You are too injured to fight recklessly!
You are too injured to fight recklessly!
You are too injured to fight recklessly!
You are too injured to fight recklessly!
You are too injured to fight recklessly!
You barely miss the jackal. The ball python barely misses you.
The ball python constricts you. The jackal barely misses you.
The ball python bites you but does no damage.
The ball python constricts you.
The ball python's grasp on you weakens, but your attempt to escape fails.
The jackal closely misses you. The ball python bites you.
* * * LOW HITPOINT WARNING * * *
The ball python constricts you. The jackal closely misses you.
You escape the ball python's grasp.
The jackal bites you.
* * * LOW HITPOINT WARNING * * *
The ball python barely misses you. The ball python grabs you.
The ball python constricts you.
You closely miss the jackal. The jackal closely misses you.
The ball python closely misses you. The ball python constricts you.
The jackal bites you but does no damage.
You completely miss the jackal. Your kick misses the jackal.
The ball python bites you.
* * * LOW HITPOINT WARNING * * *
The ball python constricts you. The jackal bites you.
* * * LOW HITPOINT WARNING * * *
You barely miss the ball python. Your kick misses the ball python.
The jackal bites you.
You die...

. #.#..#.#..#
#.##.#..#.#..#
##..#.#..#.#..#
##...#.#..#....##.#
..........#..<....#
..........#.#####.####
...........#..####..+
##.......#........#
#...##..#..S@h...#
#...#..>#..#'##..#
#...########..# #
##.########8..#
#...#.......##
#.#.'...)...##
...########8..# #####
##..# #+##


You could see a jackal and a ball python.

Vanquished Creatures
  3 endoplasms (D:1)
  A giant cockroach (D:2)
  A goblin (D:1)
  2 hobgoblins
  2 quokkas (D:1)
  2 ball pythons (D:1)
  2 bats (D:1)
  A kobold (D:2)
14 creatures vanquished.

Notes
Turn   | Place    | Note
-------+----------+-------------------------------------------
     0 | D:1      | Leeroy the Tengu Warper began the quest for the Orb.
     0 | D:1      | Reached XP level 1. HP: 12/12 MP: 4/4
   401 | D:1      | Reached skill level 3 in Long Blades
   401 | D:1      | Reached XP level 2. HP: 17/17 MP: 6/6
   737 | D:2      | Slain by a jackal

Illustrated notes

Levels and vault maps discovered:
D:1:      ebering_hopf_link, layout_basic, nicolae_figureground_sparkle
D:2:      minmay_chambers_of_twos, layout_basic, basic_altar

Skill      XL: |  1 |
---------------+----+-----
Long Blades    | 3 |  3.4
Fighting       | |  2.0
Throwing       | |  1.0
Armour         | |  1.1
Dodging        | |  2.1
Spellcasting   | |  2.0
Translocations | |  2.4

Action                     || total
---------------------------++-------
  Melee: Falchion          ||    31
         Peck              ||     4
         Kick              ||     3
 Armour: Leather armour    ||     8
  Dodge: Dodged            ||    24

Table legend: (Time is in decaauts)
 A = Elapsed time spent in this place.
 B = Non-inter-level travel time spent in this place.
 C = Inter-level travel time spent in this place.
 D = Time resting spent in this place.
 E = Time spent auto-exploring this place.
 F = Levels seen in this place.
 G = Mean time per level.
                   A        B        C        D        E       F      G
               +--------+--------+--------+--------+--------+-----+--------+
         Total |    741 |    703 |     38 |      0 |    613 |   2 |  370.5 |
       Dungeon |    741 |    703 |     38 |      0 |    613 |   2 |  370.5 |
               +--------+--------+--------+--------+--------+-----+--------+

Top non-repeatable levels by time:
     D:1: 691 daAuts
     D:2: 50 daAuts
